 Dungeon Crawl Stone Soup version 0.27.1-33-g824d729ab1 (webtiles) character file.

Game seed: 16503865520445088127

170 Stadtfeld the Ruffian (level 5, -10/40 HPs)
             Began as a Draconian Transmuter on Dec 23, 2021.
             Killed by nerve-wracking pain
             ... invoked by Grinder
              (12 damage)
             ... on level 4 of the Dungeon.
             The game lasted 00:13:11 (4790 turns).

Stadtfeld the Ruffian (Draconian Transmuter)        Turns: 4790, Time: 00:13:11

Health: -10/40     AC:  5    Str: 10 (13) XL:     5   Next: 25%
Magic:  7/8        EV: 12    Int: 13 (14) God:
Gold:   231        SH:  0    Dex:  8 (11) Spells: 4/8 levels left

rFire    . . .     SeeInvis .   b - +2 hand axe (freeze)
rCold    + . .     Faith    .   (no shield)
rNeg     . . .     Spirit   .   (armour unavailable)
rPois    .         Reflect  .   (helmet restricted)
rElec    .         Harm     .   (no cloak)
rCorr    .         Rampage  .   (no gloves)
Will     .....                  (no boots)
Stlth    +.........             (no amulet)
HPRegen  0.13/turn              d - ring of ice
MPRegen  0.11/turn              a - ring of protection from fire

@: wereblooded
A: AC +5, unfitting armour, cold-blooded
a: no special abilities


You were on level 4 of the Dungeon.
You visited 1 branch of the dungeon, and saw 4 of its levels.

You collected 231 gold pieces.

Inventory:

Hand Weapons
 b - a +2 hand axe of freezing (weapon)
Jewellery
 a - a ring of protection from fire (right hand)
 d - a ring of ice (left hand)
Scrolls
 c - a scroll of fear
 e - a scroll of brand weapon
 h - a scroll of enchant armour
Potions
 g - a potion of haste


   Skills:
 + Level 1.4 Fighting
 + Level 1.3(1.6) Axes
 + Level 1.4(1.7) Polearms
 + Level 2.6 Dodging
 + Level 1.6 Stealth
 + Level 4.1 Unarmed Combat
 + Level 2.2 Spellcasting
 + Level 2.1 Transmutations
 + Level 0.1 Ice Magic


You had 4 spell levels left.
You knew the following spells:

 Your Spells              Type           Power      Damage    Failure   Level
a - Beastly Appendage     Tmut           14%        N/A       11%         1
b - Freeze                Ice            8%         1d3       24%         1
c - Wereblood             Tmut           7%         N/A       16%         2

Your spell library contained the following spells:

 Spells                   Type           Power      Damage    Failure   Level
 Blink                    Tloc           N/A        N/A       36%         2
 Spider Form              Tmut/Pois      2%         N/A       43%         3
 Frozen Ramparts          Ice            4%         1d2       56%         3
 Ice Form                 Ice/Tmut       6%         N/A       83%         4
 Hailstorm                Conj/Ice       2%         3d3       94%         4
 Manifold Assault         Tloc           1%         N/A       100%        5
 Storm Form               Tmut/Air       2%         N/A       100%        7


Dungeon Overview and Level Annotations

Branches:
Dungeon (4/15)
 Temple: D:4-7

Altars:

Shops:
D:1 *   D:3 [[[=

Annotations:
D:4 Grinder


Innate Abilities, Weirdness & Mutations

Your plain brown scales are hard. (AC +5)
You cannot fit into any form of body armour.
You are cold-blooded and may be slowed by cold attacks.


Message History

Found a runed golden ring.
Grinder gestures at you.
You suddenly lose the ability to move!
Grinder blinks!
Grinder hits you.
You writhe in agony.
Grinder hits you!
You writhe in agony.
Grinder hits you but does no damage. Grinder hits you but does no damage.
You can move again.
Casting: Wereblood (safe; 16% risk of failure)
Confirm with . or Enter, or press ? or * to list all spells.
Your blood is infused with primal strength.
Grinder says, "Mostly I couldn't keep them alive."
Grinder barely misses you.
You completely miss Grinder. You punch Grinder.
Grinder is lightly wounded.
Grinder hits you but does no damage.
You hit Grinder.
Grinder is lightly wounded.
Grinder hits you.
Grinder blinks!
Grinder hits you.
You hit Grinder.
Grinder is lightly wounded.
Grinder barely misses you.
You barely miss Grinder.
Grinder is lightly wounded.
Grinder hits you.
You writhe in agony.
* * * LOW HITPOINT WARNING * * *
You hit Grinder.
Grinder is moderately wounded.
Grinder says, "Are you a fish?" Grinder hits you.
* * * LOW HITPOINT WARNING * * *
You writhe in agony.
* * * LOW HITPOINT WARNING * * *
You hit Grinder.
Grinder is moderately wounded.
Grinder gestures at you. Pain shoots through your body!
You die...

....##.....# ....##.....#
....##.....# ##.........#
####### #......)..#
#.#...# #####.#'###
#.#...# ######.#.# #.#...#
#....#.#.#####.#...###.###
#....#.#.......5@.........
#...........##.####.......
##'#####..#.##... .......
#.# #..#.##.### .####..
#.#####.......# .# .
#.#.....>.....## .#
#.#..##.#..##..#..=#
#....#..........[...
####.#..#......... #


You could see Grinder.

Vanquished Creatures
  An orc priest (D:3)
  An orc wizard (D:3)
  6 adders
  A dart slug (D:2)
  4 orcs (D:3)
  6 ball pythons
  6 bats
  3 endoplasms (D:1)
  A giant cockroach (D:1)
  3 goblins
  6 hobgoblins
  4 quokkas
  3 frilled lizards
  4 kobolds
  7 rats
56 creatures vanquished.

Notes
Turn   | Place    | Note
-------+----------+-------------------------------------------
     0 | D:1      | Stadtfeld the Draconian Transmuter began the quest for the
                  | Orb.
     0 | D:1      | Reached XP level 1. HP: 16/16 MP: 3/3
   320 | D:1      | Found a faded altar of an unknown god.
   337 | D:1      | Found Qon Noigh's Assorted Antiques.
   341 | D:1      | Reached XP level 2. HP: 22/23 MP: 3/5
  1168 | D:1      | Learned a level 1 spell: Freeze
  1974 | D:2      | Reached XP level 3. HP: 28/28 MP: 1/6
  2887 | D:3      | Reached skill level 4 in Unarmed Combat
  2923 | D:3      | Found Jic Dag's Antique Armour Emporium.
  3220 | D:3      | Found Qofurim's Jewellery Shoppe.
  3243 | D:3      | Reached skill level 1 in Stealth
  3672 | D:3      | Found Cismad's Armour Shoppe.
  3717 | D:3      | Found Kegamo's Armour Boutique.
  3914 | D:3      | Reached skill level 1 in Polearms
  3914 | D:3      | Reached XP level 4. HP: 34/35 MP: 7/7
  4040 | D:3      | Learned a level 2 spell: Wereblood
  4490 | D:4      | Reached XP level 5. HP: 40/40 MP: 8/8
  4511 | D:4      | Reached skill level 1 in Axes
  4774 | D:4      | Noticed Grinder
  4776 | D:4      | Paralysed by Grinder for 6 turns
  4789 | D:4      | HP: 1/40 [Grinder (6)]
  4790 | D:4      | Killed from afar by Grinder

Illustrated notes

Levels and vault maps discovered:
D:1:      mushboom_english_gardens, layout_basic, ebering_ecumenical_altar_mist,
          serial_shops, shop_fountains, kennysheep_decorative_pillar,
          corner_web_ring, minmay_tromino_v4_b
D:2:      layout_loops_ring, serial_co_window_serial, co_window_paths_b,
          co_window_paths_a, co_window_paths_a, co_window_corner_a,
          co_window_corner_a, co_window_unsneaky_path_a,
          co_window_unsneaky_path_b, co_window_broadway_a,
          co_window_unsneaky_path_d, co_window_4corner_b, co_window_4corner_a,
          minivault_19
D:3:      layout_basic, serial_shops, nicolae_shop_waterfront, shop,
          nicolae_shop_crystal, shop, st_stairs_12,
          wander_ebering_terrifying_dragon_lair
D:4:      layout_basic, grunt_temple_overflow_champion_of_chaos,
          guppyfry_early_lair_pool, uniq_grinder

Skill      XL: |  1  2  3  4  5 |
---------------+----------------+-----
Dodging        | 2 |  2.6
Unarmed Combat | 4 |  4.1
Stealth        | 1 |  1.6
Polearms       | 1 |  1.4
Axes           | 1 |  1.3
Fighting       | |  1.4
Spellcasting   | |  2.2
Transmutations | |  2.1
Ice Magic      | |  0.1

Action                   |  1- 3 |  4- 6 || total
-------------------------+-------+-------++-------
Melee: Unarmed           |    82 |       ||    82
       Tailslap          |    10 |     2 ||    12
       Kick              |     4 |       ||     4
       Headbutt          |     3 |       ||     3
       Spear             |    52 |       ||    52
       Hand axe          |    13 |    38 ||    51
       Punch             |       |     2 ||     2
 Cast: Beastly Appendage |     4 |       ||     4
       Freeze            |     3 |       ||     3
       Wereblood         |       |     3 ||     3
  Use: Potion            |     5 |     2 ||     7
       Scroll            |     4 |     2 ||     6
 Stab: Sleeping          |     2 |       ||     2
Armor: Skin              |    64 |    11 ||    75
Dodge: Dodged            |   104 |    18 ||   122
